Map: Kairos Junction LE

Players

DnS - Winner!

  • Race: Protoss Protoss
  • Spawn Location: 5:00

Marinelord

  • Race: Terran Terran
  • Spawn Location: 11:00

Event: 2019 WCS Spring

VOD

Have the link to the VOD?

Description

Time

  • Played on: May 17, 2019, 9:56 a.m.
  • Length: 9:53

All games in this series

Show
View Real Time Build Order
Export as new Build Order

DnS Protoss - Winner!

Build Orders:  

Get SALT Encoding   

  12  0:00  Probe  
  13  0:12  Probe  
  14  0:17  Pylon  
  14  0:24  Probe  
  15  0:32  Probe  
  15  0:38  Gateway  
  15  0:40  Probe  
  16  0:47  Assimilator  
  17  0:51  Probe  
  18  1:03  Probe  
  19  1:08  Pylon  
  19  1:15  Probe  
  20  1:25  Zealot  
  22  1:26  Cybernetics Core  
  22  1:46  Nexus  
  22  1:53  Adept  
  22  2:02  Probe  
  22  2:04  Warp Gate  
  22  2:05  Assimilator  
  25  2:14  Probe  
  26  2:25  Adept  
  26  2:26  Probe  
  28  2:37  Probe  
  29  2:45  Probe  
  29  2:47  Robotics Facility  
  30  2:53  Probe  
  30  2:58  Stalker  
  33  2:59  Probe  
  33  3:05  Probe  
  35  3:12  Probe  
  36  3:17  Probe  
  35  3:21  Probe  
  35  3:25  Gateway  
  34  3:29  Probe x2, Gateway  
  36  3:37  Observer, Probe  
  36  3:41  Probe  
  38  3:46  Probe  
  37  3:50  Pylon  
  37  3:52  Sentry  
  37  3:53  Probe  
  41  3:56  Probe  
  41  3:58  Observer, Pylon  
  43  4:04  Probe x2  
  43  4:06  Assimilator  
  43  4:09  Assimilator  
  45  4:13  Probe x2  
  45  4:16  Stalker  
  49  4:19  Stalker, Pylon  
  49  4:21  Probe  
  49  4:24  Stalker  
  58  4:31  Immortal  
  58  4:38  Pylon  
  58  4:42  Zealot  
  58  4:43  Zealot  
  62  4:47  Stalker  
  64  5:00  Immortal, Probe x2  
  64  5:05  Twilight Council  
  64  5:06  Forge  
  69  5:18  Stalker x2  
  70  5:23  Probe x2  
  70  5:26  Protoss Ground Armor Level 1  
  70  5:35  Probe  
  63  5:36  Sentry  
  63  5:42  Charge  
  65  5:47  Stalker x2  
  69  5:51  Warp Prism  
  69  5:55  Gateway  
  69  5:56  Observer  
  71  5:59  Gateway  
  71  6:00  Observer  
  71  6:04  Gateway  
  71  6:07  Observer  
  71  6:12  Templar Archives  
  71  6:13  Probe  
  71  6:17  Observer  
  72  6:25  Nexus  
  72  6:28  Probe x2  
  74  6:32  Zealot  
  74  6:34  Zealot  
  78  6:41  Pylon  
  78  6:46  Observer  
  78  6:48  Psionic Storm  
  78  6:52  Gateway  
  78  6:54  Gateway  
  78  6:59  Probe x2  
  78  7:00  High Templar  
  82  7:01  Protoss Ground Armor Level 2, High Templar  
  84  7:12  High Templar, Probe  
  86  7:16  Pylon  
  86  7:20  Pylon  
  86  7:33  Pylon  
  86  7:34  Probe x2  
  86  7:35  Zealot x2, High Templar  
  94  7:38  Probe  
  94  7:39  Zealot  
  97  7:46  Probe  
  97  7:49  High Templar  
  97  7:50  Zealot x3  
  106  7:53  Probe, Pylon  
  106  7:54  Probe  
  108  7:59  Probe  
  108  8:02  Zealot  
  108  8:03  Zealot  
  108  8:04  Zealot  
  115  8:14  High Templar  
  115  8:15  High Templar  
  115  8:17  Zealot x2  
  115  8:18  Pylon  
  115  8:19  Probe x3  
  126  8:20  Archon  
  126  8:23  Observer  
  126  8:29  Zealot x2  
  130  8:39  High Templar  
  130  8:40  Zealot x3  
  134  8:49  Zealot  
  134  8:50  Zealot x2  
  134  8:54  Pylon  
  140  8:56  Pylon  
  140  8:58  Pylon  
  124  9:11  Zealot x6  
  116  9:31  Zealot x3, High Templar x2  
  124  9:32  Zealot x3  
  124  9:36  Archon  
  136  9:42  Assimilator  
Show
View Real Time Build Order
Export as new Build Order

Marinelord Terran 

Build Orders: Liberator Opening, Reaper Expand 

Get SALT Encoding   

  12  0:00  SCV  
  13  0:12  SCV  
  14  0:17  Supply Depot  
  14  0:24  SCV  
  15  0:38  SCV  
  15  0:40  Barracks  
  16  0:44  Refinery  
  16  0:50  SCV  
  17  1:03  SCV  
  18  1:15  SCV  
  19  1:30  Orbital Command  
  19  1:31  Reaper  
  20  1:46  Command Center  
  20  1:57  SCV  
  20  2:00  Bunker  
  21  2:04  Barracks Reactor  
  21  2:06  Supply Depot  
  21  2:09  SCV  
  22  2:17  Refinery  
  22  2:21  SCV  
  23  2:30  Factory  
  23  2:33  SCV  
  24  2:40  Marine  
  24  2:41  Marine  
  25  2:45  SCV  
  26  2:53  Supply Depot  
  26  2:57  SCV  
  27  2:58  Marine x2  
  28  3:09  SCV  
  29  3:16  Marine x2  
  30  3:22  SCV  
  30  3:24  Factory Tech Lab  
  30  3:26  Starport  
  31  3:34  SCV  
  32  3:37  Orbital Command  
  32  3:40  Marine x2  
  34  3:46  SCV, Liberator  
  35  3:48  Siege Tank  
  38  3:58  SCV, Marine x2  
  41  4:05  SCV  
  45  4:14  SCV  
  45  4:15  Supply Depot  
  45  4:16  Marine x2  
  48  4:20  Siege Tank  
  48  4:23  SCV  
  52  4:27  SCV  
  53  4:34  Marine  
  53  4:36  SCV, Marine  
  53  4:37  Supply Depot, Barracks  
  56  4:39  SCV  
  57  4:47  Viking  
  57  4:49  SCV  
  57  4:51  SCV, Marine  
  61  4:59  Siege Tank  
  64  5:03  SCV, Supply Depot  
  64  5:04  Supply Depot  
  64  5:06  Marine  
  66  5:08  SCV  
  66  5:09  Marine  
  68  5:15  SCV  
  68  5:20  SCV  
  70  5:24  Marine  
  70  5:27  SCV, Marine  
  70  5:32  SCV  
  59  5:37  Barracks Tech Lab  
  59  5:38  Siege Tank  
  59  5:39  SCV, Starport Tech Lab  
  63  5:44  SCV, Refinery x2  
  64  5:50  Engineering Bay, Marine x2  
  64  5:55  Marine  
  67  5:59  Raven  
  67  6:03  SCV  
  70  6:06  Supply Depot  
  70  6:07  Supply Depot  
  70  6:10  Stimpack  
  70  6:14  Barracks  
  70  6:15  Marine x2  
  70  6:16  Marine  
  73  6:21  Terran Infantry Weapons Level 1  
  73  6:22  SCV, Supply Depot  
  73  6:24  SCV  
  75  6:35  Factory Reactor  
  75  6:36  Marine x2  
  75  6:37  Marauder  
  79  6:42  Supply Depot  
  79  6:54  Marine x2  
  79  6:55  Starport Reactor, Command Center  
  79  6:58  Marauder  
  83  7:02  Marauder  
  83  7:05  SCV x2  
  87  7:09  Barracks  
  87  7:10  Barracks  
  87  7:13  Widow Mine x2  
  91  7:16  Marine x2  
  93  7:24  Combat Shield, Supply Depot x2  
  93  7:29  Marauder x2  
  97  7:30  SCV x2  
  97  7:34  Medivac  
  97  7:37  Medivac  
  103  7:42  SCV  
  103  7:43  SCV, Marine x2  
  107  7:50  Marauder x2  
  111  7:54  SCV  
  111  7:55  Widow Mine  
  111  7:56  Widow Mine  
  116  8:01  Marauder  
  116  8:02  SCV  
  116  8:05  Medivac  
  121  8:07  Medivac  
  121  8:11  Concussive Shells  
  121  8:12  Orbital Command  
  123  8:13  SCV  
  123  8:15  Marauder x2, Barracks Reactor  
  123  8:17  SCV  
  129  8:31  Marine x2  
  129  8:32  Marauder  
  133  8:35  Medivac  
  133  8:36  Medivac  
  133  8:39  Marine  
  134  8:47  Liberator  
  134  8:48  Marauder  
  133  8:49  Marine  
  133  8:53  Orbital Command  
  128  9:11  Marine  
  128  9:12  Marauder  
  128  9:13  Marauder, Marine x2  
  128  9:14  SCV x2  
  116  9:26  SCV  
  116  9:28  SCV x2  
  113  9:34  Marine  
  116  9:38  SCV, Refinery  
  116  9:39  Refinery  
  116  9:40  SCV  
  116  9:41  Supply Depot  
Tags
 
Add a new tag
Caveats
  • Supply blocks, unpowered buildings, or Contaminate may cause inaccurate times.
  • Supply counts are checked every 10 seconds.